 Dungeon Crawl Stone Soup version 0.18.1-50-g88ac8fd (console) character file.

102 Kloppie the Skirmisher (level 4, -1/30 HPs)
             Began as a Gargoyle Berserker on Oct 25, 2016.
             Was a Believer of Trog.
             Killed by divine providence
             ... invoked by an orc priest
              (17 damage)
             ... on level 3 of the Dungeon.
             The game lasted 00:02:32 (1365 turns).

Kloppie the Skirmisher (Gargoyle Berserker)         Turns: 1365, Time: 00:02:33

Health: -1/30      AC: 11    Str: 20    XL:     4   Next: 78%
Magic:  4/4        EV: 10    Int:  8    God:    Trog [**....]
Gold:   93         SH:  0    Dex: 10    Spells: 0 memorised, 3 levels left

rFire  . . .     SeeInvis .     a - +0 mace
rCold  . . .     Gourm    .     x - +0 scale mail
rNeg   + . .     Faith    .     (no shield)
rPois  ∞         Spirit   .     (no helmet)
rElec  +         Dismiss  .     l - +0 cloak
rCorr  .         Reflect  .     (no gloves)
SustAt .         Harm     .     (no boots)
MR     .....                    (no amulet)
Stlth  ..........               (no ring)
                                (no ring)

@: not resistant to hostile enchantments, extremely unstealthy
A: negative energy resistance 1, electricity resistance, unbreathing,
petrification resistance, rot immunity, AC +3
a: Berserk, Trog's Hand, Burn Spellbooks, Renounce Religion


You were on level 3 of the Dungeon.
You worshipped Trog.
Trog was pleased with you.
You were not hungry.

You visited 1 branch of the dungeon, and saw 3 of its levels.

You collected 93 gold pieces.

Inventory:

Hand Weapons
 a - a +0 mace (weapon)
Armour
 l - a +0 cloak (worn)
 x - a +0 scale mail (worn)
Wands
 u - a wand of lightning (4/15)
Scrolls
 f - 2 scrolls of identify {unknown}
 g - a scroll of remove curse {unknown}
 j - a scroll of recharging {unknown}
 n - a scroll of noise {unknown}
 v - a scroll of teleportation {unknown}
Potions
 e - a potion of ambrosia {unknown}
 h - 2 potions of haste {unknown}
 i - 3 potions of cure mutation {unknown}
 k - 3 potions of lignification {unknown}
 r - a potion of degeneration {unknown}
 s - a potion of curing {unknown}
 w - a potion of mutation {unknown}
Comestibles
 b - a slice of pizza
 c - 2 bread rations
 d - 12 chunks of flesh
 m - 16 fruits
 o - a beef jerky
 p - 2 meat rations


   Skills:
 + Level 4.3 Fighting
 + Level 4.0 Maces & Flails
 + Level 3.3 Armour
 - Level 1.5 Dodging


You had 3 spell levels left.
You didn't know any spells.

Dungeon Overview and Level Annotations

Branches:
Dungeon (3/15)

Altars:
Ashenzari


Innate Abilities, Weirdness & Mutations

You are resistant to torment.
Your stone body is resilient (AC +3).
You are immune to poison.
You resist negative energy.
You are resistant to electric shocks.
You can survive without breathing.
You are immune to petrification.
You are immune to rotting.


Message History

You hit something. Something hits you. Something hits you but does no damage.
You miss something.
You hear some strange, mumbled words.
A puff of flame appears from out of thin air!
The puff of flame hits you!
You thump something! Trog accepts your kill.
Trog appreciates your killing of a magic user.
Reactivating autopickup.
Your Maces & Flails skill increases to level 4!
You feel a bit more experienced. The orc priest hits you.
You barely miss the orc priest.
The orc priest hits you but does no damage.
You barely miss the orc priest. The orc priest closely misses you.
You hit the orc priest.
The orc priest is moderately wounded.
The orc priest invokes the aid of Beogh against you.
Beogh smites you!
Ouch! That really hurt!
You die...

##########
#........#
#.######.# ### #)#
#.#
#...####.######.#
#..oo@......>##.#
......####.#....#.#
..... #.#.#..#.#
.... #.#.#..#.# #.#
#........# #
###.##.### #.##.#
##+## #.##.#
##...## #....#


You could see an orc priest and an orc.

Vanquished Creatures
  An orc wizard (D:3)
  An adder (D:2)
  An ooze (D:1)
  A worm (D:3)
  A dart slug (D:1)
  A giant gecko (D:1)
  4 orcs (D:3)
  A ball python (D:1)
  10 bats
  2 giant cockroaches
  4 goblins
  9 hobgoblins
  3 jackals (D:2)
  4 kobolds
  A quokka (D:2)
  5 giant newts
  3 rats
52 creatures vanquished.

Notes
Turn   | Place    | Note
--------------------------------------------------------------
     0 | D:1      | Kloppie the Gargoyle Berserker began the quest for the Orb.
     0 | D:1      | Reached XP level 1. HP: 14/14 MP: 1/1
    57 | D:1      | Reached XP level 2. HP: 16/19 MP: 2/2
   294 | D:1      | Reached ** piety under Trog
   341 | D:1      | Reached XP level 3. HP: 21/24 MP: 3/3
   769 | D:2      | Reached XP level 4. HP: 28/29 MP: 4/4
  1199 | D:3      | Found a shattered altar of Ashenzari.
  1365 | D:3      | Killed from afar by an orc priest

Skill      XL: |  1  2  3  4 |
---------------+-------------+-----
Fighting       | 4 |  4.3
Armour         | 3 |  3.3
Maces & Flails | 4 |  4.0
Dodging        | |  1.5

Action                   |  1- 3 |  4- 6 || total
-------------------------+-------+-------++-------
Melee: Mace              |   106 |    63 ||   169
 Stab: Sleeping          |     1 |       ||     1
  Eat: Chunk             |       |     2 ||     2
Armor: Animal skin       |    47 |    15 ||    62
       Scale mail        |       |    16 ||    16
Dodge: Dodged            |    80 |    34 ||   114
